 Dungeon Crawl Stone Soup version 0.20.0-10-g0535bb4 (console) character file.

13319 asymptus the Slicer (level 12, -3/66 HPs)
             Began as a Halfling Enchanter on June 6, 2017.
             Was the Champion of Okawaru.
             Slain by a seven-headed hydra (13 damage)
             ... on level 11 of the Dungeon.
             The game lasted 01:08:00 (10269 turns).

asymptus the Slicer (Halfling Enchanter)           Turns: 10269, Time: 01:08:00

Health: -3/66      AC: 13    Str:  9    XL:     12   Next: 31%
Magic:  7/14       EV: 16    Int: 17    God:    Okawaru [******]
Gold:   205        SH:  0    Dex: 16    Spells: 0/14 levels left

rFire    . . .     SeeInvis .   a - +2 short sword (venom)
rCold    . . .     Gourm    .   (shield restricted)
rNeg     . . .     Faith    .   F - +0 troll leather armour
rPois    .         Spirit   .   P - +2 helmet
rElec    .         Reflect  .   N - +0 cloak
rCorr    .         Harm     .   k - +0 pair of gloves
MR       .....                  d - +2 pair of boots
Stlth    +++++.....             (no amulet)
Regen    0.7/turn               g - ring of stealth
MPRegen  0.2/turn               (no ring)

@: very slightly contaminated
A: mutation resistance 1
a: Heroism, Finesse, Renounce Religion


You were on level 11 of the Dungeon.
You worshipped Okawaru.
Okawaru was exalted by your worship.
You were not hungry.

You visited 2 branches of the dungeon, and saw 12 of its levels.
You also visited: Sewer.

You collected 533 gold pieces.
You spent 328 gold pieces at shops.

Inventory:

Hand Weapons
 a - a +2 short sword of venom (weapon)
 b - a +0 blowgun
 c - a +0 rapier
 Z - a +1 dagger of distortion
Missiles
 e - 29 sling bullets
 f - 8 curare-tipped needles
 y - 25 tomahawks (quivered)
 A - 56 poisoned needles
 E - 5 needles of paralysis
 L - 5 needles of confusion
 W - 3 exploding tomahawks
Armour
 d - a +2 pair of boots (worn)
 k - a +0 pair of gloves (worn)
 F - a +0 troll leather armour (worn)
 N - a +0 cloak (worn)
 P - a +2 helmet (worn)
 U - a +2 robe of the Archmagi
Jewellery
 g - a ring of stealth (left hand)
Wands
 R - a wand of confusion (32/48)
 T - a wand of flame (12/48)
 X - a wand of enslavement (10/24)
Scrolls
 h - 2 scrolls of teleportation
 i - 3 scrolls of recharging
 m - 4 scrolls of remove curse
 o - a scroll of brand weapon {unknown}
 p - 6 scrolls of enchant armour
 v - 2 scrolls of immolation
 x - 3 scrolls of noise {unknown}
 z - a scroll of holy word {unknown}
 C - 3 scrolls of blinking
 D - a scroll of random uselessness {unknown}
 H - 5 scrolls of enchant weapon {unknown}
 K - 3 scrolls of magic mapping {unknown}
 S - 2 scrolls of fear
Potions
 j - 2 potions of lignification
 n - 2 potions of brilliance
 q - 5 potions of flight
 r - 5 potions of curing
 t - 6 potions of heal wounds
 u - a potion of berserk rage
 B - 2 potions of agility
 G - 2 potions of mutation
 M - a potion of invisibility
 Q - 2 potions of cancellation
Books
 s - a book of Minor Magic

   Spells                             Type                      Level
   a - Magic Dart                     Conjuration                  1
   b - Blink                          Translocation                2
   c - Call Imp                       Summoning                    2
   d - Slow                           Hexes                        2
   e - Conjure Flame                  Conjuration/Fire             3
   f - Mephitic Cloud                 Conjuration/Poison/Air       3
 I - a book of Callings

   Spells                             Type                      Level
   a - Summon Small Mammal            Summoning                    1
   b - Call Imp                       Summoning                    2
   c - Call Canine Familiar           Summoning                    3
   d - Summon Guardian Golem          Hexes/Summoning              3
   e - Summon Lightning Spire         Summoning/Air                4
   f - Summon Ice Beast               Ice/Summoning                4
 O - a book of Maledictions

   Spells                             Type                      Level
   a - Corona                         Hexes                        1
   b - Ensorcelled Hibernation        Hexes/Ice                    2
   c - Confuse                        Hexes                        3
   d - Tukima's Dance                 Hexes                        3
   e - Dazzling Spray                 Conjuration/Hexes            3
Comestibles
 l - 5 meat rations
 w - 6 bread rations
 J - 4 royal jellies
 V - 2 chunks of flesh


   Skills:
 - Level 11.5 Short Blades
 + Level 9.1 Throwing
 + Level 3.4 Armour
 + Level 4.1 Dodging
 - Level 10.0 Stealth
 - Level 1.5 Spellcasting
 * Level 0.0 Conjurations
 + Level 8.9 Hexes
 * Level 0.0 Fire Magic


You couldn't memorise any spells.
You knew the following spells:

 Your Spells              Type           Power        Failure   Level  Hunger
a - Ensorcelled Hibernat  Hex/Ice        ###...       7%          2    ###....
b - Confuse               Hex            ####....     1%          3    ####...
c - Conjure Flame         Conj/Fire      #.......     63%         3    ####...
d - Tukima's Dance        Hex            ####....     1%          3    ####...
e - Corona                Hex            ####...      1%          1    ##.....
B - Blink                 Tloc           N/A          38%         2    ###....


Dungeon Overview and Level Annotations

Branches:
Dungeon (11/15)            Temple (1/1) D:5            Lair (0/6) D:9
    Orc (0/2) D:9

Altars:
Ashenzari
Cheibriados
Dithmenos
Elyvilon
Fedhas
Gozag
Hepliaklqana
Kikubaaqudgha
Makhleb
Nemelex Xobeh
Okawaru
Qazlal
Ru
Sif Muna
Trog
Uskayaw
Vehumet
Xom
Yredelemnul
Zin
The Shining One

Shops:
D:8 ?

Annotations:
D:8 exclusion: ice statue


Innate Abilities, Weirdness & Mutations

You are small and have problems with some larger weapons.
You are somewhat resistant to further mutation.


Message History

The seven-headed hydra bites you! The seven-headed hydra bites you.
The seven-headed hydra bites you!
The seven-headed hydra bites you but does no damage.
The seven-headed hydra bites you.
Okay, then.
Unknown command.
Okay, then.
Casting: Conjure Flame
Confirm with . or Enter, or press ? or * to list all spells.
You miscast Blink.
You are very lightly contaminated with residual magic.
Strange energies run through your body.
The seven-headed hydra bites you but does no damage. x2
The seven-headed hydra bites you!
* * * LOW HITPOINT WARNING * * *
The seven-headed hydra bites you.
* * * LOW HITPOINT WARNING * * *
The seven-headed hydra barely misses you. x2
The seven-headed hydra bites you!
You die...

#. #..###.## #
##..#######..##...#.#
....................#
.
##.......###.##...###
#. #...............##
## #######.###.#####
#a# #.# #D# #.# #@#
#.# #.# #.# #.# #..
#.# ### # #
#.############.#.
#.##.........##.#
#.##.........##.#
#.##.........##.##
#.##.).......##...


You could see a seven-headed hydra and a worker ant.

Vanquished Creatures
  Fannar (D:10)
  Erolcha (D:9)
  2 two-headed ogres
  An ugly thing (D:10)
  A manticore (D:11)
  Maurice (D:10)
  Psyche (D:10)
  An ice devil (D:8)
  A troll (D:9)
  2 hornets
  A hippogriff (D:10)
  A wyvern (D:11)
  5 yaks (D:10)
  A hungry ghost (D:4)
  A human (D:7)
  3 basilisks (D:9)
  An acid dragon (D:11)
  2 water moccasins (D:7)
  Duvessa (D:7)
  5 porcupines (D:9)
  2 black bears
  5 sky beasts
  A hornet zombie (D:11)
  3 ice beasts
  3 orc warriors (D:9)
  3 phantoms
  3 wolves (D:9)
  6 ogres
  A centaur (D:8)
  A crocodile (D:9)
  3 big kobolds
  5 bullfrogs
  A wyvern zombie (D:11)
  Dowan (D:7)
  3 scorpions
  A water moccasin skeleton (D:9)
  5 howler monkeys
  5 crimson imps
  3 centaur zombies
  2 bullfrog zombies
  2 gnoll shamans
  3 bullfrog skeletons
  6 orc priests
  5 hounds
  A human zombie (D:7)
  3 jellies
  8 orc wizards
  2 centaur skeletons
  3 iguanas
  4 worker ants
  A killer bee zombie (D:8)
  A hound skeleton (D:4)
  A worker ant zombie (D:7)
  A howler monkey zombie (D:5)
  17 gnolls
  12 adders
  A river rat (D:4)
  4 oozes
  2 adder zombies (D:8)
  2 adder skeletons
  A worm (D:3)
  2 dart slugs (D:1)
  4 leopard geckos
  34 orcs
  8 giant cockroaches
  7 hobgoblins
  16 jackals
  6 quokkas
  A ball python (D:4)
  13 bats
  2 frilled lizards
  6 goblins
  20 kobolds
  2 leopard gecko skeletons
  A quokka zombie (D:8)
  14 rats
306 creatures vanquished.

Vanquished Creatures (others)
  A wizard (D:5)
  2 fungi (D:9)
  A plant (D:9)
4 creatures vanquished.

Grand Total: 310 creatures vanquished

Notes
Turn   | Place    | Note
-------+----------+-------------------------------------------
     0 | D:1      | asymptus the Halfling Enchanter began the quest for the Orb.
     0 | D:1      | Reached XP level 1. HP: 11/11 MP: 3/3
    88 | D:1      | Reached XP level 2. HP: 17/17 MP: 2/4
    93 | D:1      | Learned a level 2 spell: Ensorcelled Hibernation
   101 | D:1      | Noticed a big kobold
   101 | D:1      | Noticed a big kobold
   101 | D:1      | Noticed a big kobold
   103 | D:1      | Noticed a big kobold
   198 | D:1      | Reached skill level 2 in Short Blades
   477 | D:1      | Reached XP level 3. HP: 20/21 MP: 5/5
   766 | D:2      | Found an ancient bone altar of Kikubaaqudgha.
   855 | D:2      | Reached XP level 4. HP: 26/27 MP: 0/6
   957 | D:2      | Learned a level 3 spell: Confuse
  1014 | D:2      | Found a blossoming altar of Fedhas.
  1669 | D:3      | Reached XP level 5. HP: 26/31 MP: 0/7
  1918 | D:3      | Reached skill level 3 in Short Blades
  1943 | D:3      | Found a burning altar of Makhleb.
  2143 | D:4      | Reached XP level 6. HP: 33/36 MP: 1/8
  2156 | D:4      | Noticed a phantom
  2234 | D:4      | Reached skill level 5 in Stealth
  2369 | D:4      | Found a glowing drain.
  2373 | Sewer    | Entered a sewer
  2469 | Sewer    | Reached skill level 4 in Short Blades
  2565 | Sewer    | Found a white marble altar of Elyvilon.
  2659 | D:4      | Found a glowing golden altar of the Shining One.
  2842 | D:4      | Noticed a hungry ghost
  2861 | D:4      | Killed a hungry ghost
  2861 | D:4      | Reached skill level 1 in Throwing
  2861 | D:4      | Reached XP level 7. HP: 41/41 MP: 0/9
  2911 | D:4      | Got a smoking leather armour
  2925 | D:4      | Identified the +0 leather armour "Ogegeh Rerhu" {Int+5} (You found it on level 4 of the Dungeon)
  3136 | D:5      | Entered Level 5 of the Dungeon
  3232 | D:5      | Noticed a two-headed ogre
  3234 | D:5      | Found a bloodstained altar of Trog.
  3235 | D:5      | Noticed a wizard
  3241 | D:5      | Killed a wizard
  3377 | D:5      | Reached skill level 5 in Short Blades
  3692 | D:5      | Reached XP level 8. HP: 23/46 MP: 3/10
  4149 | D:5      | Killed a two-headed ogre
  4149 | D:5      | Reached skill level 6 in Short Blades
  4149 | D:5      | Reached skill level 5 in Hexes
  4149 | D:5      | Reached XP level 9. HP: 27/51 MP: 11/11
  4374 | D:5      | Reached skill level 7 in Short Blades
  4562 | D:5      | Found a staircase to the Ecumenical Temple.
  4709 | Temple   | Entered the Ecumenical Temple
  4759 | Temple   | Became a worshipper of Warmaster Okawaru
  5059 | D:6      | Found a sacrificial altar of Ru.
  5171 | D:6      | Found a snail-covered altar of Cheibriados.
  5173 | D:6      | Found a stormy altar of Qazlal.
  5177 | D:6      | Found a hazy altar of Hepliaklqana.
  5307 | D:7      | Reached skill level 5 in Throwing
  5356 | D:7      | Found a runed door.
  5417 | D:7      | Noticed Dowan
  5420 | D:7      | Noticed Duvessa
  5429 | D:7      | Killed Dowan
  5429 | D:7      | Reached * piety under Okawaru
  5769 | D:7      | Killed Duvessa
  5769 | D:7      | Reached skill level 8 in Short Blades
  5769 | D:7      | Reached XP level 10. HP: 56/56 MP: 12/12
  6256 | D:7      | Reached ** piety under Okawaru
  6310 | D:7      | You fall through a shaft for 3 floors!
  6310 | D:10     | Entered Level 10 of the Dungeon
  6407 | D:10     | Noticed Psyche
  6411 | D:10     | Killed Psyche
  6411 | D:10     | Reached skill level 9 in Short Blades
  6476 | D:10     | Noticed Fannar
  6485 | D:10     | Killed Fannar
  6485 | D:10     | Reached *** piety under Okawaru
  6485 | D:10     | Reached skill level 10 in Stealth
  6673 | D:9      | Noticed Erolcha
  6679 | D:9      | Killed Erolcha
  6679 | D:9      | Reached **** piety under Okawaru
  6679 | D:9      | Reached XP level 11. HP: 46/61 MP: 5/13
  6710 | D:9      | Reached skill level 10 in Short Blades
  7438 | D:9      | Found a staircase to the Orcish Mines.
  7624 | D:9      | Found a staircase to the Lair.
  7777 | D:9      | Reached ***** piety under Okawaru
  7910 | D:9      | Received a gift from Okawaru
  8189 | D:8      | Noticed a two-headed ogre
  8198 | D:8      | Learned a level 3 spell: Tukima's Dance
  8263 | D:8      | Killed a two-headed ogre
  8263 | D:8      | Reached skill level 11 in Short Blades
  8653 | D:8      | Found Kudopluu's Magic Scroll Emporium.
  8656 | D:8      | Bought a scroll of blinking for 120 gold pieces
  8656 | D:8      | Bought a scroll of fear for 56 gold pieces
  8656 | D:8      | Bought a scroll of recharging for 152 gold pieces
  8733 | D:8      | Reached skill level 1 in Armour
  8972 | D:8      | Found a radiant altar of Vehumet.
  9090 | D:7      | Found a basalt altar of Yredelemnul.
  9368 | D:10     | Noticed Maurice
  9415 | D:10     | Killed Maurice
  9487 | D:10     | Reached XP level 12. HP: 66/66 MP: 1/14
  9604 | D:10     | Received a gift from Okawaru
  9818 | D:11     | Reached ****** piety under Okawaru
  9835 | D:11     | Received a gift from Okawaru
  9873 | D:11     | Got a smoking scale mail
  9884 | D:11     | Identified the +0 scale mail "Noakhio" {Int+6} (You found it on level 11 of the Dungeon)
  9907 | D:11     | Learned a level 2 spell: Blink
  9911 | D:11     | Learned a level 3 spell: Conjure Flame
 10204 | D:11     | Noticed a seven-headed hydra
 10269 | D:11     | Slain by a seven-headed hydra

Skill      XL: |  1  2  3  4  5  6  7  8  9 10 11 12 |
---------------+-------------------------------------+-----
Short Blades   | 2 3 4 5 6 8 9 11 | 11.5
Stealth        | 4 5 6 7 8 10 | 10.0
Hexes          | 3 4 5 6 7 8 |  8.9
Throwing       | 1 2 3 5 7 8 9 |  9.1
Armour         | 2 3 |  3.4
Dodging        | 3 4 |  4.1
Spellcasting   | |  1.5

Action                   |  1- 3 |  4- 6 |  7- 9 | 10-12 || total
-------------------------+-------+-------+-------+-------++-------
Melee: Dagger            |    13 |       |   144 |       ||   157
       Short sword       |    78 |   207 |    22 |   398 ||   705
       Quarterstaff      |       |       |    78 |       ||    78
       Rapier            |       |       |     8 |     8 ||    16
 Fire: Blowgun           |       |       |    76 |    73 ||   149
 Cast: Corona            |    16 |    26 |       |     1 ||    43
       Ensorcelled Hiber |     2 |    13 |    67 |    78 ||   160
       Confuse           |       |     4 |     2 |    27 ||    33
       Conjure Flame     |       |       |       |     2 ||     2
Invok: Heroism           |       |       |       |     5 ||     5
Evoke: Wand              |       |       |       |     2 ||     2
  Use: Scroll            |       |     7 |     2 |     8 ||    17
       Potion            |       |       |     3 |       ||     3
 Stab: Sleeping          |    12 |    36 |    39 |    58 ||   145
       Confused          |       |     2 |     1 |    14 ||    17
       Distracted        |       |       |     1 |     2 ||     3
  Eat: Royal jelly       |     1 |       |     1 |     1 ||     3
       Bread ration      |     1 |       |       |       ||     1
       Chunk             |       |     8 |    14 |    22 ||    44
Armor: Robe              |    31 |    47 |       |     2 ||    80
       Leather armour    |       |       |   104 |    15 ||   119
       Troll leather arm |       |       |       |    84 ||    84
Dodge: Dodged            |   102 |   130 |   257 |   197 ||   686
